 Dungeon Crawl Stone Soup version 0.29-a0-1027-gcd8c55af63 (webtiles) character file.

Game seed: 11079958809181086566

135 Nietzsche the Ducker (level 4, -2/34 HPs)
             Began as a Vampire Gladiator on Aug 13, 2022.
             Slain by Grinder (6 damage)
             ... on level 4 of the Dungeon.
             The game lasted 00:05:30 (2816 turns).

Nietzsche the Ducker (Vampire Gladiator)            Turns: 2816, Time: 00:05:30

Health: -2/34      AC:  8    Str: 20    XL:     4   Next: 96%
Magic:  4/4        EV: 11    Int: 12    God:
Gold:   162        SH:  0    Dex: 15    Spells: 3/3 levels left

rFire   . . .      SeeInvis +   a - +0 long sword
rCold   . . .      Faith    .   (no shield)
rNeg    . . .      Spirit   .   t - +0 scale mail "Xaanal" {Str+5}
rPois   .          Reflect  .   c - +0 helmet
rElec   .          Harm     .   (no cloak)
rCorr   +          Rampage  .   q - +0 pair of gloves of the Slightly Bent {Str+2}
Will    .....                   (no boots)
Stlth   ..........              (no amulet)
HPRegen 0.31/turn               r - ring of resist corrosion
MPRegen 0.09/turn               (no ring)

@: healing quickly
A: alive, fangs 3, see invisible, vampiric 2
a: Exsanguinate


You were on level 4 of the Dungeon.
You visited 1 branch of the dungeon, and saw 4 of its levels.

You collected 162 gold pieces.

Inventory:

Hand Weapons
 a - a +0 long sword (weapon)
Missiles
 d - 3 throwing nets (quivered)
 e - a javelin
Armour
 b - a +0 leather armour
 c - a +0 helmet (worn)
 q - the +0 pair of gloves of the Slightly Bent (worn) {Str+2}
   (You found it on level 3 of the Dungeon)

   Str:       It affects your strength (+2).
 t - the +0 scale mail "Xaanal" (worn) {Str+5}
   (You found it on level 3 of the Dungeon)

   Str:       It affects your strength (+5).
Magical Staves
 m - a staff of poison
Jewellery
 r - a ring of resist corrosion (left hand)
Scrolls
 g - a scroll of immolation {unknown}
 h - a scroll of fear {unknown}
 j - 2 scrolls of noise {unknown}
 k - a scroll of amnesia {unknown}
 n - 3 scrolls of identify {unknown}
 o - 2 scrolls of teleportation {unknown}
Potions
 f - 2 potions of degeneration {unknown}
 i - a potion of berserk rage {unknown}
 l - a potion of flight {unknown}
 p - a potion of curing {unknown}
 s - 2 potions of invisibility {unknown}
 u - a potion of cancellation {unknown}


   Skills:
 + Level 2.3 Fighting
 + Level 4.1 Long Blades
 + Level 1.5 Throwing
 + Level 1.4 Armour
 + Level 4.2 Dodging
 + Level 1.3 Stealth


You had 3 spell levels left.
You didn't know any spells.
Your spell library contained the following spells:

 Spells                   Type           Power      Damage    Failure   Level
 Apportation              Tloc           0%         N/A       67%         1
 Ensorcelled Hibernation  Hex/Ice        0%         N/A       82%         2
 Spider Form              Tmut/Pois      0%         N/A       96%         3
 Anguish                  Hex/Necr       0%         N/A       100%        4
 Alistair's Intoxication  Tmut/Pois      0%         N/A       100%        5


Dungeon Overview and Level Annotations

Branches:
Dungeon (4/15)
 Temple: D:4-7

Altars:

Annotations:
D:4 Grinder


Innate Abilities, Weirdness & Mutations

Your natural rate of healing is accelerated.
You have razor-sharp teeth.
You have supernaturally acute eyesight. (SInv)
You are afflicted with vampirism and can become a bat while bloodless.


Message History

Grinder is lightly wounded.
Grinder hits you!
You hit Grinder but do no damage.
Grinder is lightly wounded.
Grinder blinks!
Grinder hits you.
You hit Grinder.
Grinder is moderately wounded.
Grinder hits you.
You writhe in agony.
You are too injured to fight recklessly!
You are too injured to fight recklessly!
You are too injured to fight recklessly!
You are too injured to fight recklessly!
You are too injured to fight recklessly!
You barely miss Grinder.
Grinder is moderately wounded.
Grinder closely misses you.
Grinder blinks!
Grinder gestures at you.
You barely resist. You hit Grinder. Your bite misses Grinder.
Grinder is moderately wounded.
Grinder blinks!
Grinder misses you. Grinder hits you but does no damage.
You hit Grinder.
Grinder is moderately wounded.
Grinder hits you.
You writhe in agony.
* * * LOW HITPOINT WARNING * * *
You slash Grinder!
Grinder is heavily wounded.
Grinder closely misses you.
You barely miss Grinder. You bite Grinder.
Grinder is heavily wounded.
Grinder hits you but does no damage.
You hit Grinder.
Grinder is severely wounded.
Grinder hits you!
* * * LOW HITPOINT WARNING * * *
You writhe in agony.
You die...

##.......###.......
#........#.........
#...###..............
#.### #..#...........
# ##..............
#....(..........
#...............
##...............
#.......5@.......
###..............".
...................
...................
...................
#..................
#..................
##..........#......
#.........##......


You could see Grinder.

Vanquished Creatures
  A hound (D:4)
  An orc priest (D:3)
  An adder (D:3)
  A worm (D:2)
  A dart slug (D:1)
  2 orcs (D:3)
  9 bats
  5 endoplasms
  2 giant cockroaches
  4 hobgoblins
  5 jackals (D:1)
  2 quokkas
  6 ball pythons
  A frilled lizard (D:1)
  5 goblins
  4 kobolds
  10 rats
60 creatures vanquished.

Notes
Turn   | Place    | Note
-------+----------+-------------------------------------------
     0 | D:1      | Nietzsche the Vampire Gladiator began the quest for the
                  | Orb.
     0 | D:1      | Reached XP level 1. HP: 16/16 MP: 1/1
   129 | D:1      | Reached XP level 2. HP: 15/22 MP: 2/2
   593 | D:1      | Gained mutation: You are afflicted with vampirism and can
                  | become a bat while bloodless. [Vampire growth]
   593 | D:1      | Reached XP level 3. HP: 27/27 MP: 3/3
  1426 | D:2      | Found a faded altar of an unknown god.
  1969 | D:3      | Reached skill level 1 in Armour
  1969 | D:3      | Reached XP level 4. HP: 16/33 MP: 4/4
  1975 | D:3      | Reached skill level 1 in Stealth
  2085 | D:3      | Identified the +0 pair of gloves of the Slightly Bent
                  | {Str+2}
  2505 | D:3      | Identified the +0 scale mail "Xaanal" {Str+5}
  2781 | D:4      | Noticed Grinder
  2816 | D:4      | Slain by Grinder

Illustrated notes

Levels and vault maps discovered:
D:1:      kennysheep_arrival_forest, layout_basic, dk_noncrumbling_3,
          minmay_vboxes
D:2:      layout_loops_corners, shapermc_ecumenical_altar_venn,
          hangedman_decor_points, minmay_tree_intersection
D:3:      cheibrodos_helix_gallery, layout_basic, kennysheep_generic_room_7
D:4:      layout_layer_cave, uniq_grinder

Skill      XL: |  1  2  3  4 |
---------------+-------------+-----
Fighting       | 2 |  2.3
Dodging        | 4 |  4.2
Armour         | 1 |  1.4
Stealth        | 1 |  1.3
Long Blades    | 4 |  4.1
Throwing       | |  1.5

Action                   |  1- 3 |  4- 6 || total
-------------------------+-------+-------++-------
Melee: Long sword        |   134 |    38 ||   172
       Bite              |    11 |     6 ||    17
 Stab: Sleeping          |     2 |       ||     2
       Distracted        |     1 |       ||     1
Armor: Leather armour    |    76 |     4 ||    80
       Scale mail        |       |     7 ||     7
Dodge: Dodged            |   155 |    20 ||   175

Table legend: (Time is in decaauts)
 A = Elapsed time spent in this place.
 B = Non-inter-level travel time spent in this place.
 C = Inter-level travel time spent in this place.
 D = Time resting spent in this place.
 E = Time spent auto-exploring this place.
 F = Levels seen in this place.
 G = Mean time per level.
                   A        B        C        D        E       F      G
               +--------+--------+--------+--------+--------+-----+--------+
         Total |   2854 |   2854 |      0 |      0 |   2181 |   4 |  713.5 |
       Dungeon |   2854 |   2854 |      0 |      0 |   2181 |   4 |  713.5 |
               +--------+--------+--------+--------+--------+-----+--------+

Top non-repeatable levels by time:
     D:3: 919 daAuts
     D:1: 918 daAuts
     D:2: 860 daAuts
     D:4: 155 daAuts
